 Dungeon Crawl Stone Soup version 0.24.0-1-gfbc8707 (webtiles) character file.

Game seed: 12331326052060086576, levelgen mode: deterministic

99677 Faca the Martial Artist (level 16, -2/125 HPs)
             Began as a Gnoll Wanderer on Oct 28, 2019.
             Was a Believer of Uskayaw.
             Slain by a purple draconian
             ... wielding a +0 trident
              (11 damage)
             ... on level 2 of the Abyss.
             The game lasted 01:40:08 (32790 turns).

Faca the Martial Artist (Gnoll Wanderer)           Turns: 32790, Time: 01:40:08

Health: -2/125     AC: 22    Str: 26      XL:     16   Next: 25%
Magic:  30/30      EV: 14    Int: 15 (17) God:    Uskayaw [**....]
Gold:   2346       SH:  6    Dex: 17      Spells: 32/36 levels left

rFire    . . .     SeeInvis +   X - +3 scimitar of Subterfuge {drain, Dex+4}
rCold    . . .     Gourm    +   R - +0 buckler "Aphetaf" {rElec Str+3 SInv Stlth-}
rNeg     . . .     Faith    .   c - +0 chain mail
rPois    +         Spirit   .   k - +1 helmet
rElec    +         Reflect  .   I - +2 cloak {rPois}
rCorr    .         Harm     .   N - +0 pair of gloves {Str+3}
MR       ++...                  y - +0 pair of boots
Stlth    +.........             z - amulet "Nipich" {Gourm Str+3 Dex-4 Slay+2 Stlth+}
HPRegen  0.30/turn              v - ring of protection from magic
MPRegen  0.22/turn              m - +3 ring of protection

@: about to teleport, heavily drained
A: distributed training, fangs 1, strong nose
a: Stomp, Line Pass, Renounce Religion


You were on level 2 of the Abyss.
You worshipped Uskayaw.
Uskayaw was aware of your devotion.
You were not hungry.

You visited 5 branches of the dungeon, and saw 24 of its levels.
You visited the Abyss 1 time.
You also visited: Gauntlet and Ice Cave.

You collected 2528 gold pieces.
You spent 182 gold pieces at shops.

Inventory:

Hand Weapons
 r - the +3 mace "Zyehut" {holy, rN+ MR+ Dex+2}
   (You found it on level 4 of the Dungeon)

   It has been blessed by the Shining One to cause great damage to the undead
   and demons.
   It affects your dexterity (+2).
   It protects you from negative energy.
   It affects your resistance to hostile enchantments.
 D - the +12 hunting sling "Fig Mocela" {freeze, rPois rF+ rN+ Dex-5}
   (You bought it in a shop on level 8 of the Dungeon)

   It causes projectiles fired from it to freeze those they strike, causing
   extra injury to most foes and up to half again as much damage against
   particularly susceptible opponents.
   They can also slow down cold-blooded creatures.
   It affects your dexterity (-5).
   It protects you from fire.
   It protects you from poison.
   It protects you from negative energy.
 X - the +3 scimitar of Subterfuge (weapon) {drain, Dex+4}
   (You found it on level 6 of the Lair of Beasts)

   A truly terrible weapon, it drains the life of those it strikes.
   It affects your dexterity (+4).
Missiles
 B - 166 sling bullets
 E - 604 stones (quivered)
 O - 18 silver javelins
Armour
 c - a +0 chain mail (worn)
 g - the +7 crystal plate armour "Leiro" {rElec Str+7}
   (You acquired it on level 4 of the Lair of Beasts)

   It affects your strength (+7).
   It insulates you from electricity.
 i - a +0 large shield of cold resistance
 k - a +1 helmet (worn)
 y - a +0 pair of boots (worn)
 I - a +2 cloak of poison resistance (worn)
 N - a +0 pair of gloves of strength (worn)
 R - the +0 buckler "Aphetaf" (worn) {rElec Str+3 SInv Stlth-}
   (You found it on level 1 of the Lair of Beasts)

   It affects your strength (+3).
   It insulates you from electricity.
   It lets you see invisible.
   It makes you less stealthy.
 U - a +2 cloak of magic resistance
Jewellery
 l - the ring of Oenomania {rF+ SInv}
   (You found it on level 6 of the Dungeon)

   [ring of protection from fire]

   It protects you from fire.
   It lets you see invisible.
 m - a +3 ring of protection (right hand)
 v - a ring of protection from magic (left hand)
 z - the amulet "Nipich" (around neck) {Gourm Str+3 Dex-4 Slay+2 Stlth+}
   (You found it on level 7 of the Dungeon)

   [amulet of the gourmand]

   It allows you to eat raw meat even when not hungry.
   It affects your strength (+3).
   It affects your dexterity (-4).
   It affects your accuracy and damage with ranged weapons and melee attacks
   (+2).
   It makes you more stealthy.
 M - an uncursed ring of protection from cold
Wands
 w - a wand of disintegration (31)
 A - a wand of digging (4)
 F - a wand of iceblast (33)
 G - a wand of scattershot (11)
 T - a wand of paralysis (4)
 V - a wand of acid (10)
Scrolls
 e - 11 scrolls of remove curse
 h - 4 scrolls of fog
 n - 3 scrolls of enchant armour
 t - a scroll of teleportation
 P - 2 scrolls of blinking
 Q - 5 scrolls of fear
 S - 3 scrolls of enchant weapon
 W - a scroll of identify
 Y - a scroll of magic mapping
Potions
 a - a potion of agility
 b - a potion of resistance
 d - a potion of cancellation
 j - 3 potions of haste
 o - 2 potions of magic
 p - 4 potions of might
 q - 3 potions of invisibility
 s - 4 potions of brilliance
 u - 4 potions of flight
 x - 3 potions of ambrosia
 C - 3 potions of lignification
 J - 7 potions of curing
 K - a potion of berserk rage
 L - a potion of mutation
Comestibles
 f - 40 rations


   Skills:
 + Level 11.3(9.4) Fighting
 + Level 10.5(8.6) Short Blades
 + Level 10.5(8.6) Long Blades
 + Level 10.5(8.6) Axes
 + Level 10.5(8.6) Maces & Flails
 + Level 10.5(8.6) Polearms
 + Level 10.5(8.6) Staves
 + Level 10.5(8.6) Slings
 + Level 10.5(8.6) Bows
 + Level 10.5(8.6) Crossbows
 + Level 10.8(8.9) Throwing
 + Level 10.5(8.6) Armour
 + Level 10.8(8.9) Dodging
 + Level 10.7(8.8) Stealth
 + Level 10.5(8.6) Shields
 + Level 11.3(9.4) Unarmed Combat
 + Level 10.9(8.9) Spellcasting
 + Level 8.9(7.1) Conjurations
 + Level 8.9(7.1) Hexes
 + Level 9.7(7.8) Charms
 + Level 8.9(7.1) Summonings
 + Level 8.9(7.1) Necromancy
 + Level 8.9(7.1) Translocations
 + Level 8.9(7.1) Transmutations
 + Level 8.9(7.1) Fire Magic
 + Level 8.9(7.1) Ice Magic
 + Level 8.9(7.1) Air Magic
 + Level 8.9(7.1) Earth Magic
 + Level 8.9(7.1) Poison Magic
 + Level 11.3(9.4) Invocations
 + Level 10.5(8.6) Evocations


You had 32 spell levels left.
You knew the following spells:

 Your Spells              Type           Power        Failure   Level  Hunger
a - Infusion              Chrm           ####         2%          1    None
b - Regeneration          Chrm/Necr      ####......   8%          3    #......

Your spell library contained the following spells:

 Spells                   Type           Power        Failure   Level  Hunger
 Animate Skeleton         Necr           N/A          3%          1    None
 Apportation              Tloc           ####..       3%          1    None
 Confusing Touch          Hex            ####..       3%          1    None
 Freeze                   Ice            ####         3%          1    None
 Pain                     Necr           ####         3%          1    None
 Summon Small Mammal      Summ           ####         3%          1    None
 Shroud of Golubria       Chrm/Tloc      ####..       3%          2    None
 Song of Slaying          Chrm           ####....     3%          2    None
 Call Imp                 Summ           ####....     4%          2    None
 Ensorcelled Hibernation  Hex/Ice        ####..       4%          2    None
 Throw Frost              Conj/Ice       ####..       4%          2    None
 Ozocubu's Armour         Chrm/Ice       ####....     8%          3    #......
 Spectral Weapon          Hex/Chrm       ####....     8%          3    #......
 Call Canine Familiar     Summ           ####....     9%          3    #......
 Recall                   Summ/Tloc      N/A          9%          3    #......
 Static Discharge         Conj/Air       ####....     9%          3    #......
 Summon Guardian Golem    Hex/Summ       ####....     9%          3    #......
 Vampiric Draining        Necr           ####......   9%          3    #......
 Animate Dead             Necr           N/A          28%         4    ###....
 Ice Form                 Ice/Tmut       ####....     28%         4    ###....
 Summon Ice Beast         Ice/Summ       ####....     28%         4    ###....
 Summon Lightning Spire   Summ/Air       ####....     28%         4    ###....
 Throw Icicle             Conj/Ice       ####....     28%         4    ###....
 Borgnjor's Vile Clutch   Necr/Erth      ####......   63%         5    #####..
 Lightning Bolt           Conj/Air       ####......   63%         5    #####..
 Metabolic Englaciation   Hex/Ice        ####......   63%         5    #####..
 Silence                  Hex/Air        ####......   63%         5    #####..
 Bolt of Cold             Conj/Ice       ####......   99%         6    ######.
 Darkness                 Hex            ####......   99%         6    ######.
 Death Channel            Necr           ####......   99%         6    ######.
 Freezing Cloud           Conj/Ice/Air   ####......   99%         6    ######.
 Ozocubu's Refrigeration  Ice            ####......   99%         6    ######.
 Shadow Creatures         Summ           N/A          99%         6    ######.
 Simulacrum               Ice/Necr       ####......   99%         6    ######.
 Ignition                 Fire           ####......   100%        8    #######
 Shatter                  Erth           ####......   100%        9    #######
 Tornado                  Air            ####......   100%        9    #######


Dungeon Overview and Level Annotations

Branches:
Dungeon (14/15)            Temple (1/1) D:6            Lair (6/6) D:10
 Shoals (0/4) Lair:4       Spider (1/4) Lair:4        Slime (0/5) Lair:5
    Orc (2/2) D:9             Elf (0/3) Orc:2        Vaults (0/5) D:13
  IceCv (visited)         Gauntlet (visited)

Altars:
Cheibriados
Dithmenos
Elyvilon
Makhleb
Nemelex Xobeh
Okawaru
Qazlal
Ru
Sif Muna
Trog
Uskayaw
Vehumet
Wu Jian
Xom
Zin
Beogh
Jiyva

Shops:
D:4 %   D:8 (%   D:14 =   Orc:2 (?(:

Annotations:
D:12 3 runed translucent doors, Lorak's ghost, journeyman HOMo
Spider:1 Louise


Innate Abilities, Weirdness & Mutations

Your experience applies equally to all skills.
You have very sharp teeth.
Your uncanny sense of smell can sniff out nearby items.


Message History

* * * LOW HITPOINT WARNING * * *
The raiju bites you but does no damage.
You can now pass through a line of other dancers.
You hit the purple draconian but do no damage.
The purple draconian is severely wounded.
The purple draconian hits you but does no damage.
The necromancer hits you with a +2 vampiric dagger.
* * * LOW HITPOINT WARNING * * *
The raiju barely misses you.
You closely miss the purple draconian. You bite the purple draconian.
The purple draconian is severely wounded.
The purple draconian hits you with a +0 trident.
* * * LOW HITPOINT WARNING * * *
The necromancer casts a spell.
The necromancer binds the souls of nearby monsters.
The raiju bites you but does no damage.
You hit the purple draconian.
The purple draconian is severely wounded.
The purple draconian hits you with a +0 trident!
You die...

∆ #+#
##d##
+p@.+
##h##
#+#


You could see a purple draconian, a necromancer and a raiju.

Vanquished Creatures
  Jorgrun (D:14)
  A frost giant (IceCv)
  Nessos (Orc:2)
  Azrael (Orc:1)
  Snorg (D:9)
  A minotaur (Gauntlet)
  A green death (Gauntlet)
  A death ooze (Gauntlet)
  3 hydras
  4 vault guards
  A catoblepas (Lair:6)
  13 two-headed ogres
  2 death knights (D:14)
  2 centaur warriors (D:13)
  A tengu warrior (D:12)
  A deep troll shaman (Lair:6)
  2 ogre magi (Orc:2)
  7 death yaks
  3 thrashing horrors (Abyss:2)
  Urug (Lair:2)
  An orc high priest (Orc:1)
  Sonja (Lair:2)
  A wretched star (Abyss:2)
  An unseen horror (D:13)
  2 deep trolls (Orc:2)
  A skeletal warrior (D:13)
  A phantasmal warrior (D:13)
  A deep elf mage (D:10)
  3 orc sorcerers
  2 wolf spiders (Spider:1)
  2 manticores
  6 cyclopes
  4 black mambas
  14 elephants
  2 merfolk sirens (Lair:4)
  An ice statue (IceCv)
  A smoke demon (Abyss:2)
  An orange demon (Gauntlet)
  10 spiny frogs
  A demonic crawler (Spider:1)
  8 rime drakes
  7 komodo dragons
  An efreet (Abyss:2)
  An ancient zyme (Abyss:2)
  A queen bee (D:13)
  2 jumping spiders (Spider:1)
  3 meliai (D:13)
  20 polar bears
  11 trolls
  2 merfolk (Lair:4)
  A raiju (shapeshifter) (D:14)
  Prince Ribbit (Lair:2)
  Grinder (D:3)
  10 blink frogs
  4 raiju (Abyss:2)
  4 hippogriffs
  9 slime creatures
  6 dream sheep (Lair:6)
  33 yaks
  11 redbacks (Spider:1)
  2 shadows
  A tarantella (Spider:1)
  2 wraiths
  A wyvern (D:12)
  4 fire elementals
  4 steam dragons
  2 basilisks
  3 hungry ghosts
  6 vampire mosquitoes
  2 acid dragons (D:12)
  A warg (Orc:2)
  5 porcupines
  10 water moccasins
  A hell hound (Abyss:2)
  2 sky beasts
  13 orc warriors
  4 black bears
  4 ice beasts
  A necrophage (D:14)
  3 phantoms
  24 ogres
  17 centaurs
  12 crocodiles
  20 wolves
  2 small abominations (Abyss:2)
  22 bullfrogs
  A water moccasin zombie (D:7)
  A wyvern zombie (D:13)
  9 scorpions
  18 killer bees
  11 wights
  4 howler monkeys (D:8)
  11 crimson imps
  3 bullfrog zombies
  3 centaur zombies
  5 hounds
  A quasit (D:11)
  10 orc priests
  An iron imp (Abyss:2)
  4 jellies
  22 orc wizards
  A bullfrog skeleton (D:12)
  2 centaur skeletons
  A gnoll shaman (D:4)
  Ijyb (D:3)
  3 iguanas
  3 worker ants
  A killer bee zombie (D:8)
  A human simulacrum (D:11)
  A hound zombie (D:8)
  A worker ant zombie (D:10)
  18 gnolls
  11 adders
  A shadow imp (D:8)
  7 oozes
  2 adder zombies
  2 adder skeletons
  6 worms
  2 dart slugs
  5 leopard geckos
  74 orcs
  6 bats
  9 giant cockroaches
  6 goblins
  8 hobgoblins
  6 jackals
  9 kobolds
  4 quokkas
  2 ball pythons
  A ball python skeleton (D:4)
  5 frilled lizards
  A jackal skeleton (D:6)
  8 rats
  2 fungi
  A plant (Lair:6)
723 creatures vanquished.

Vanquished Creatures (others)
  A small abomination (Abyss:2)
  A human simulacrum (D:11)
  11 fungi
  3 plants
  4 starspawn tentacles (Abyss:2)
20 creatures vanquished.

Grand Total: 743 creatures vanquished

Notes
Turn   | Place    | Note
-------+----------+-------------------------------------------
     0 | D:1      | Faca the Gnoll Wanderer began the quest for the Orb.
     0 | D:1      | Faca set off with the following items: a +0 spear, a potion
                  | of lignification, a +0 robe, a ration; and the following
                  | spell memorised: Infusion; and the following spells
                  | available to memorise: Song of Slaying, Shroud of Golubria,
                  | Regeneration, Spectral Weapon
     0 | D:1      | Reached XP level 1. HP: 20/20 MP: 4/4
   425 | D:1      | Reached XP level 2. HP: 23/26 MP: 5/5
   979 | D:1      | Reached XP level 3. HP: 31/31 MP: 7/7
  1128 | D:2      | Reached skill level 1 in Invocations
  1347 | D:2      | Reached skill level 1 in Short Blades
  1347 | D:2      | Reached skill level 1 in Long Blades
  1347 | D:2      | Reached skill level 1 in Axes
  1347 | D:2      | Reached skill level 1 in Maces & Flails
  1347 | D:2      | Reached skill level 1 in Polearms
  1347 | D:2      | Reached skill level 1 in Staves
  1347 | D:2      | Reached skill level 1 in Slings
  1347 | D:2      | Reached skill level 1 in Bows
  1347 | D:2      | Reached skill level 1 in Crossbows
  1347 | D:2      | Reached skill level 1 in Armour
  1347 | D:2      | Reached skill level 1 in Shields
  1347 | D:2      | Reached skill level 1 in Evocations
  1504 | D:2      | Reached XP level 4. HP: 35/38 MP: 8/8
  2070 | D:3      | Noticed Ijyb
  2093 | D:3      | Killed Ijyb
  2182 | D:3      | Reached skill level 1 in Conjurations
  2182 | D:3      | Reached skill level 1 in Hexes
  2182 | D:3      | Reached skill level 1 in Summonings
  2182 | D:3      | Reached skill level 1 in Necromancy
  2182 | D:3      | Reached skill level 1 in Translocations
  2182 | D:3      | Reached skill level 1 in Transmutations
  2182 | D:3      | Reached skill level 1 in Fire Magic
  2182 | D:3      | Reached skill level 1 in Ice Magic
  2182 | D:3      | Reached skill level 1 in Air Magic
  2182 | D:3      | Reached skill level 1 in Earth Magic
  2182 | D:3      | Reached skill level 1 in Poison Magic
  2422 | D:3      | Reached XP level 5. HP: 43/43 MP: 9/9
  2767 | D:3      | Noticed Grinder
  2798 | D:3      | Paralysed by Grinder for 6 turns
  2961 | D:3      | Killed Grinder
  2961 | D:3      | Reached skill level 5 in Fighting
  2961 | D:3      | Reached skill level 5 in Unarmed Combat
  2961 | D:3      | Reached XP level 6. HP: 24/51 MP: 9/11
  3324 | D:4      | Reached XP level 7. HP: 22/56 MP: 12/12
  3627 | D:4      | Found a bloodstained altar of Trog.
  3973 | D:4      | Got a dazzling mace
  3974 | D:4      | Identified the +3 mace "Zyehut" {holy, rN+ MR+ Dex+2} (You
                  | found it on level 4 of the Dungeon)
  4043 | D:4      | Found Uniomer's Food Shop.
  4072 | D:4      | Noticed a two-headed ogre
  4094 | D:4      | Killed a two-headed ogre
  4094 | D:4      | Reached XP level 8. HP: 6/64 MP: 5/14
  4585 | D:4      | Found a sparkling altar of Nemelex Xobeh.
  4772 | D:5      | Entered Level 5 of the Dungeon
  5402 | D:5      | Found a shimmering altar of Xom.
  5415 | D:5      | Reached XP level 9. HP: 66/69 MP: 16/16
  5744 | D:6      | Found a staircase to the Ecumenical Temple.
  5768 | Temple   | Entered the Ecumenical Temple
  5785 | Temple   | Reached skill level 5 in Charms
  5785 | Temple   | HP: 4/103 [orc/+0 club (2)]
  6063 | Temple   | Became a worshipper of Uskayaw the Reveler
  6081 | D:6      | Reached * piety under Uskayaw
  6112 | D:6      | Reached ** piety under Uskayaw
  6721 | D:6      | Got a clouded brass ring
  6723 | D:6      | Identified the ring of Oenomania {rF+ SInv} (You found it
                  | on level 6 of the Dungeon)
  6840 | D:6      | Reached skill level 5 in Spellcasting
  6879 | D:6      | Reached *** piety under Uskayaw
  6885 | D:6      | Reached **** piety under Uskayaw
  7096 | D:6      | Reached skill level 5 in Throwing
  7096 | D:6      | Reached skill level 5 in Dodging
  7385 | D:7      | Reached skill level 5 in Stealth
  7793 | D:7      | Got a glittering graven amulet
  7794 | D:7      | Identified the amulet "Nipich" {Gourm Str+3 Dex-4 Slay+2
                  | Stlth+} (You found it on level 7 of the Dungeon)
  7890 | D:7      | Reached skill level 5 in Invocations
  8452 | D:8      | Reached XP level 10. HP: 57/77 MP: 18/18
  8573 | D:8      | Reached ***** piety under Uskayaw
  8587 | D:8      | Reached ****** piety under Uskayaw
  8737 | D:8      | Found Qixofes's Antique Weapon Shop.
  8756 | D:8      | Bought a faintly glowing hunting sling for 156 gold pieces
  8756 | D:8      | Identified the +12 hunting sling "Fig Mocela" {freeze,
                  | rPois rF+ rN+ Dex-5} (You bought it in a shop on level 8 of
                  | the Dungeon)
  8757 | D:8      | Found Tiysmodd's Food Emporium.
  9791 | D:8      | Reached skill level 5 in Short Blades
  9791 | D:8      | Reached skill level 5 in Long Blades
  9791 | D:8      | Reached skill level 5 in Axes
  9791 | D:8      | Reached skill level 5 in Maces & Flails
  9791 | D:8      | Reached skill level 5 in Polearms
  9791 | D:8      | Reached skill level 5 in Staves
  9791 | D:8      | Reached skill level 5 in Slings
  9791 | D:8      | Reached skill level 5 in Bows
  9791 | D:8      | Reached skill level 5 in Crossbows
  9791 | D:8      | Reached skill level 5 in Armour
  9791 | D:8      | Reached skill level 5 in Shields
  9791 | D:8      | Reached skill level 5 in Evocations
 10390 | D:8      | Found a glowing silver altar of Zin.
 10391 | D:8      | Found a radiant altar of Vehumet.
 10392 | D:8      | Found a sacrificial altar of Ru.
 11110 | D:9      | Found a staircase to the Orcish Mines.
 11167 | D:9      | Found an ornate altar of the Wu Jian Council.
 11434 | D:10     | Entered Level 10 of the Dungeon
 11692 | D:10     | Reached XP level 11. HP: 73/84 MP: 20/20
 11815 | D:10     | Found a staircase to the Lair.
 11955 | D:10     | Noticed a deep elf mage
 12088 | D:10     | Killed a deep elf mage
 12246 | D:10     | Reached skill level 5 in Conjurations
 12246 | D:10     | Reached skill level 5 in Hexes
 12246 | D:10     | Reached skill level 5 in Summonings
 12246 | D:10     | Reached skill level 5 in Necromancy
 12246 | D:10     | Reached skill level 5 in Translocations
 12246 | D:10     | Reached skill level 5 in Transmutations
 12246 | D:10     | Reached skill level 5 in Fire Magic
 12246 | D:10     | Reached skill level 5 in Ice Magic
 12246 | D:10     | Reached skill level 5 in Air Magic
 12246 | D:10     | Reached skill level 5 in Earth Magic
 12246 | D:10     | Reached skill level 5 in Poison Magic
 12779 | D:11     | Noticed a manticore
 12782 | D:11     | Killed a manticore
 13422 | Lair:1   | Entered Level 1 of the Lair of Beasts
 13990 | Lair:1   | Got a warped buckler
 13996 | Lair:1   | Identified the +0 buckler "Aphetaf" {rElec Str+3 SInv
                  | Stlth-} (You found it on level 1 of the Lair of Beasts)
 14234 | Lair:2   | Noticed Prince Ribbit
 14237 | Lair:2   | Killed Prince Ribbit
 14295 | Lair:2   | Noticed Sonja
 14300 | Lair:2   | Killed Sonja
 14300 | Lair:2   | Reached XP level 12. HP: 90/93 MP: 23/23
 14716 | Lair:2   | Noticed Urug
 14731 | Lair:2   | Killed Urug
 15184 | Lair:3   | Found a burning altar of Makhleb.
 16091 | Lair:4   | Found a hole to the Spider Nest.
 16561 | Lair:4   | Found a staircase to the Shoals.
 17197 | Lair:4   | Identified a scroll of acquirement
 17198 | Lair:4   | Got an amber-studded crystal plate armour
 17209 | Lair:4   | Identified the +7 crystal plate armour "Leiro" {rElec
                  | Str+7} (You acquired it on level 4 of the Lair of Beasts)
 17565 | Lair:5   | Found a viscous altar of Jiyva.
 17565 | Lair:5   | Found a staircase to the Slime Pits.
 17882 | Lair:5   | Noticed a death yak
 17883 | Lair:5   | Noticed a death yak
 17885 | Lair:5   | Noticed a death yak
 17885 | Lair:5   | Noticed a death yak
 17887 | Lair:5   | Reached XP level 13. HP: 101/101 MP: 25/25
 18222 | Lair:6   | Entered Level 6 of the Lair of Beasts
 18574 | Lair:6   | Found a frozen archway.
 18628 | Lair:6   | HP: 1/101 [elephant (38)]
 18698 | IceCv    | Entered an ice cave
 19397 | IceCv    | Reached XP level 14. HP: 109/109 MP: 27/27
 19574 | IceCv    | Noticed a frost giant
 19599 | IceCv    | Killed a frost giant
 19786 | IceCv    | Reached skill level 10 in Fighting
 19786 | IceCv    | Reached skill level 10 in Unarmed Combat
 21838 | Lair:6   | Got an iridescent scimitar
 21860 | Lair:6   | Identified the +3 scimitar of Subterfuge {drain, Dex+4}
                  | (You found it on level 6 of the Lair of Beasts)
 22106 | Orc:1    | Entered Level 1 of the Orcish Mines
 22593 | Orc:1    | Found a roughly hewn altar of Beogh.
 22855 | Orc:1    | Learned a level 3 spell: Regeneration
 22860 | Orc:2    | Entered Level 2 of the Orcish Mines
 22860 | Orc:2    | Noticed Snorg
 22860 | Orc:2    | Noticed Azrael
 22868 | Orc:1    | Reached skill level 10 in Invocations
 23148 | D:9      | Killed Snorg
 23249 | Orc:1    | Killed Azrael
 23498 | Orc:2    | Found a staircase to the Elven Halls.
 23700 | Orc:2    | Noticed Nessos
 23720 | Orc:2    | Killed Nessos
 25489 | Orc:2    | Reached XP level 15. HP: 57/117 MP: 28/28
 25725 | Orc:2    | Reached skill level 10 in Spellcasting
 25914 | Orc:2    | Reached skill level 10 in Throwing
 25914 | Orc:2    | Reached skill level 10 in Dodging
 26281 | Orc:2    | Reached skill level 10 in Stealth
 26289 | Orc:2    | Found Siolael's Magic Scroll Shoppe.
 26291 | Orc:2    | Found Joppig's Book Shoppe.
 26313 | Orc:2    | Found Ofo Feus's Antique Weapon Boutique.
 26327 | Orc:2    | Found Zonid's Weapon Emporium.
 26592 | D:12     | Found a runed translucent gate.
 26592 | D:12     | Found a runed translucent gate.
 26592 | D:12     | Found a runed translucent gate.
 26769 | D:12     | Noticed Lorak's ghost (journeyman HOMo)
 27489 | D:13     | Found a gate leading to a gauntlet.
 27506 | Gauntlet | Entered a Gauntlet
 27506 | Gauntlet | Found a transporter.
 27506 | Gauntlet | Found a transporter.
 27508 | Gauntlet | Found a transporter.
 27513 | Gauntlet | Found a transporter.
 27513 | Gauntlet | Found a transporter.
 27523 | Gauntlet | Found a transporter.
 27588 | Gauntlet | Found a transporter.
 27604 | Gauntlet | Found a transporter.
 27613 | Gauntlet | Found a transporter.
 27625 | Gauntlet | Found a transporter.
 27640 | Gauntlet | Found a transporter.
 27646 | Gauntlet | Found a transporter.
 28714 | D:13     | Reached skill level 10 in Short Blades
 28714 | D:13     | Reached skill level 10 in Long Blades
 28714 | D:13     | Reached skill level 10 in Axes
 28714 | D:13     | Reached skill level 10 in Maces & Flails
 28714 | D:13     | Reached skill level 10 in Polearms
 28714 | D:13     | Reached skill level 10 in Staves
 28714 | D:13     | Reached skill level 10 in Slings
 28714 | D:13     | Reached skill level 10 in Bows
 28714 | D:13     | Reached skill level 10 in Crossbows
 28714 | D:13     | Reached skill level 10 in Armour
 28714 | D:13     | Reached skill level 10 in Shields
 28714 | D:13     | Reached skill level 10 in Evocations
 29180 | D:13     | Found a gate to the Vaults.
 30321 | D:14     | Found Funwassue's Jewellery Shoppe.
 30496 | D:14     | Noticed Jorgrun
 30504 | D:14     | Killed Jorgrun
 30739 | D:14     | Reached XP level 16. HP: 26/124 MP: 30/30
 31235 | D:14     | Found a snail-covered altar of Cheibriados.
 31390 | D:14     | Bought a cursed amulet of inaccuracy for 26 gold pieces
 31566 | Spider:1 | Entered Level 1 of the Spider Nest
 31779 | Spider:1 | Noticed Louise
 31791 | Spider:1 | Cast into level 2 of the Abyss (Louise)
 31817 | Abyss:2  | Paralysed by accursed screaming for 1 turns
 32643 | Abyss:2  | Noticed a tentacled starspawn
 32662 | Abyss:2  | Noticed a tentacled starspawn
 32790 | Abyss:2  | Slain by a purple draconian

Levels and vault maps discovered:
D:1:      shiori_arrival_maze, layout_loops_cross, dk_noncrumbling_4
D:2:      wander_river, layout_basic, first_ration
D:3:      layout_rooms, kennysheep_another_room, uniq_grinder, uniq_ijyb
D:4:      layout_basic, overflow_temple_1_default, kennysheep_little_box,
          serial_shops, shop
D:5:      layout_basic, chequers_serial_rivers_large_a,
          minmay_misc_feat_more_columns, minivault_1, led_xom_imps
D:6:      layout_cave_pools, minmay_temple_entry_tees, grunt_decor_resistance
D:7:      layout_basic
D:8:      layout_loops_ring, gammafunk_temple_overflow_forgotten, serial_shops,
          shop, shop, hangedman_little_slice_of_home, kennysheep_generic_room_8
D:9:      layout_cave_pools, nicolae_overflow_crystal_walls, orc_0_dummy
D:10:     layout_gridville, due_lair_maze_entry_diamond
D:11:     layout_irregular_city, bh_circular_ruins
D:12:     layout_cave_pools, maelrawn_ghost_gauntlet_escape
D:13:     layout_stronghold, lightli_vaults_fourway_checkpoint,
          gauntlet_entry_generic, kennysheep_nondescript, minivault_7
D:14:     layout_loops_cross, cheibriados_altar_1, serial_shops,
          nicolae_shop_statue_plus, uniq_jorgrun
Temple:   eino_temple_rhombus
Lair:1:   layout_regular_city, hangedman_lair_unloving_vines, lemuel_fruit_tree
Lair:2:   layout_cave_pods, uniq_prince_ribbit2, uniq_sonja, uniq_urug
Lair:3:   layout_gridlike, basic_altar, st_stairs_8, infiniplex_staircase_pool_2
Lair:4:   layout_roguey, elwin_shoals_entry_stream, spider_nest_entry_web_field,
          minmay_lair_drake_nest
Lair:5:   layout_misc_corridors, slime_altar_1
Lair:6:   grunt_lair_end_beastmaster, layout_loops_ring,
          portal_ice_cave_entry_pillars_2, ldierk_geyser
Spider:1: layout_spider_delve, uniq_louise
Orc:1:    layout_diamond_mine, basic_altar
Orc:2:    st_orc_open, layout_diamond_mine, uniq_snorg, uniq_azrael, uniq_nessos
Abyss:2:  due_exit_kobolds, hangedman_abyss_town

Skill      XL: |  1  2  3  4  5  6  7  8  9 10 11 12 13 14 15 |
---------------+----------------------------------------------+-----
Invocations    | 1 2 3 4 5 6 7 8 9 10 11 | 11.3
Short Blades   | 1 2 3 4 5 6 7 8 9 10 | 10.5
Long Blades    | 1 2 3 4 5 6 7 8 9 10 | 10.5
Axes           | 1 2 3 4 5 6 7 8 9 10 | 10.5
Maces & Flails | 1 2 3 4 5 6 7 8 9 10 | 10.5
Polearms       | 1 2 3 4 5 6 7 8 9 10 | 10.5
Staves         | 1 2 3 4 5 6 7 8 9 10 | 10.5
Slings         | 1 2 3 4 5 6 7 8 9 10 | 10.5
Bows           | 1 2 3 4 5 6 7 8 9 10 | 10.5
Crossbows      | 1 2 3 4 5 6 7 8 9 10 | 10.5
Armour         | 1 2 3 4 5 6 7 8 9 10 | 10.5
Shields        | 1 2 3 4 5 6 7 8 9 10 | 10.5
Evocations     | 1 2 3 4 5 6 7 8 9 10 | 10.5
Spellcasting   | 3 4 5 6 7 8 9 10 | 10.9
Conjurations   | 1 2 3 4 5 6 7 8 |  8.9
Hexes          | 1 2 3 4 5 6 7 8 |  8.9
Summonings     | 1 2 3 4 5 6 7 8 |  8.9
Necromancy     | 1 2 3 4 5 6 7 8 |  8.9
Translocations | 1 2 3 4 5 6 7 8 |  8.9
Transmutations | 1 2 3 4 5 6 7 8 |  8.9
Fire Magic     | 1 2 3 4 5 6 7 8 |  8.9
Ice Magic      | 1 2 3 4 5 6 7 8 |  8.9
Air Magic      | 1 2 3 4 5 6 7 8 |  8.9
Earth Magic    | 1 2 3 4 5 6 7 8 |  8.9
Poison Magic   | 1 2 3 4 5 6 7 8 |  8.9
Throwing       | 3 4 5 6 7 8 9 10 | 10.8
Dodging        | 3 4 5 6 7 8 9 10 | 10.8
Charms         | 4 5 6 7 8 9 |  9.7
Fighting       | 5 6 7 8 9 10 11 | 11.3
Stealth        | 3 4 5 6 7 8 9 10 | 10.7
Unarmed Combat | 5 6 7 8 9 10 11 | 11.3

Action                   |  1- 3 |  4- 6 |  7- 9 | 10-12 | 13-15 | 16-18 || total
-------------------------+-------+-------+-------+-------+-------+-------++-------
Melee: Unarmed           |   117 |   205 |    87 |       |       |       ||   409
       Bite              |    12 |    22 |    50 |    25 |   127 |    26 ||   262
       Punch             |     2 |     2 |    13 |     1 |       |       ||    18
       Mace              |       |       |   359 |    44 |    11 |       ||   414
       Whip              |       |       |       |    64 |       |       ||    64
       Scimitar          |       |       |       |       |   644 |   125 ||   769
 Fire: Hunting sling     |       |       |       |   570 |   531 |    64 ||  1165
Throw: Dart              |       |       |     8 |       |       |       ||     8
 Cast: Infusion          |       |     3 |     2 |       |       |       ||     5
Invok: Stomp             |       |       |       |       |     3 |       ||     3
       Grand Finale      |       |       |       |       |     1 |       ||     1
Evoke: Wand              |       |     8 |     2 |     1 |       |       ||    11
  Use: Scroll            |       |     9 |     8 |    11 |     6 |     5 ||    39
       Potion            |       |     2 |     1 |       |    14 |     1 ||    18
 Stab: Sleeping          |     8 |     2 |     7 |       |     1 |       ||    18
       Paralysed         |       |     2 |     6 |     7 |    55 |     8 ||    78
  Eat: Chunk             |     2 |     6 |    18 |    36 |    37 |     7 ||   106
Armor: Robe              |     5 |       |       |       |       |       ||     5
       Ring mail         |    23 |    49 |    79 |       |       |       ||   151
       Chain mail        |       |       |   107 |   145 |   460 |    56 ||   768
       Skin              |       |       |    10 |       |       |       ||    10
Dodge: Dodged            |    53 |   111 |   297 |   144 |   561 |    96 ||  1262
Block: Buckler           |       |       |       |    17 |   297 |    48 ||   362
       Rpst.: Scimitar   |       |       |       |       |   102 |    21 ||   123
